 Dungeon Crawl Stone Soup version 0.29.0-11-gd7f09526c8 (webtiles) character file.

Game seed: 4606902400514269931

51 MisterFreud the Cudgeller (level 3, 0/23 HPs)
             Began as a Gargoyle Fighter on Sept 4, 2022.
             Slain by an orc
             ... wielding a +0 mace
              (6 damage)
             ... on level 3 of the Dungeon.
             The game lasted 00:01:13 (1100 turns).

MisterFreud the Cudgeller (Gargoyle Fighter)        Turns: 1100, Time: 00:01:13

Health: 0/23       AC: 10    Str: 21    XL:     3   Next: 83%
Magic:  3/3        EV:  9    Int:  8    God:
Gold:   112        SH:  4    Dex:  9    Spells: 2/2 levels left

rFire   . . .      SeeInvis .   a - +0 flail
rCold   . . .      Faith    .   c - +0 buckler
rNeg    + . .      Spirit   .   b - +0 scale mail
rPois   ∞          Reflect  .   (no helmet)
rElec   +          Harm     .   (no cloak)
rCorr   .          Rampage  .   (no gloves)
Will    .....                   (no boots)
Stlth   ..........              (no amulet)
HPRegen 0.07/turn               (no ring)
MPRegen 0.08/turn               (no ring)

@: no status effects
A: sickness immunity, AC +3, negative energy resistance 1, electricity
resistance, torment resistance 1, petrification resistance
a: no special abilities


You were on level 3 of the Dungeon.
You visited 1 branch of the dungeon, and saw 3 of its levels.

You collected 112 gold pieces.

Inventory:

Hand Weapons
 a - a +0 flail (weapon)
Missiles
 e - 3 boomerangs (quivered)
Armour
 b - a +0 scale mail (worn)
 c - a +0 buckler (worn)
Scrolls
 f - a scroll of fog {unknown}
 i - 3 scrolls of vulnerability {unknown}
Potions
 d - a potion of might
 g - a potion of magic
 h - 2 potions of lignification {unknown}


   Skills:
 - Level 3.4 Fighting
 + Level 3.7 Maces & Flails
 - Level 3.4 Armour
 - Level 3.4 Shields


You had 2 spell levels left.
You didn't know any spells.
Your spell library was empty.

Dungeon Overview and Level Annotations

Branches:
Dungeon (3/15)

Altars:
Makhleb


Innate Abilities, Weirdness & Mutations

You are immune to sickness and miasma.
Your stone body is resilient. (AC +3)
You are immune to poison.
You resist negative energy. (rN+)
You are resistant to electric shocks. (rElec)
You are resistant to unholy torment.
You are immune to petrification.


Message History

Found 3 scrolls labelled SETO WOMAPA.
There is a stone staircase leading up here.
Found a burning altar of Makhleb.
The kobold hits you but does no damage.
You hit the kobold.
The kobold is heavily wounded.
You block the kobold's attack.
You closely miss the kobold.
The kobold is heavily wounded.
The kobold hits you but does no damage.
You hit the kobold.
You kill the kobold!
No target in view!
There is a stone staircase leading up here.
i - 3 scrolls labelled SETO WOMAPA You open the door.
There is an open door here.
You open the door.
There is an open door here.
An orc comes into view. It is wielding a +0 mace.
The orc shouts!
An orc is nearby!
An orc comes into view. It is wielding a +0 hand axe.
An orc priest comes into view. It is wielding a +0 flail.
The orc priest shouts!
An orc comes into view. It is wielding a +0 hand axe.
An orc comes into view. It is wielding a +0 whip.
The orc shouts! x2
The orc hits you with a +0 mace. The orc attacks as you move away!
The orc hits you but does no damage. The orc attacks as you move away!
The orc closely misses you. The orc attacks as you move away!
You block the orc's attack.
You hit the orc.
The orc is severely wounded.
The orc hits you but does no damage.
The orc priest calls down the wrath of Beogh upon you.
Beogh smites you!
Ouch! That really hurt!
* * * LOW HITPOINT WARNING * * *
The orc hits you with a +0 mace.
You die...

#. #.. #..### ##.....
##.....## ## ##.......##
##.## #
###.........####...#o..o
.'.........'@oo...o#
#.........####...##
#.......## ##.##
##.....## ## ##...##
##'## #.# #.# ##.##


You could see an orc priest and 3 orcs.

Vanquished Creatures
  An adder (D:2)
  4 dart slugs
  3 endoplasms (D:1)
  A giant cockroach (D:2)
  3 goblins (D:1)
  A hobgoblin (D:1)
  3 jackals (D:1)
  4 ball pythons (D:1)
  5 bats
  A frilled lizard (D:1)
  4 kobolds
  6 rats
36 creatures vanquished.

Notes
Turn   | Place    | Note
-------+----------+-------------------------------------------
     0 | D:1      | MisterFreud the Gargoyle Fighter began the quest for the
                  | Orb.
     0 | D:1      | Reached XP level 1. HP: 14/14 MP: 1/1
   167 | D:1      | Reached XP level 2. HP: 19/19 MP: 2/2
   287 | D:1      | Found a faded altar of an unknown god.
   519 | D:1      | Reached XP level 3. HP: 15/23 MP: 3/3
  1070 | D:3      | Found a burning altar of Makhleb.
  1100 | D:3      | Slain by an orc

Illustrated notes

Levels and vault maps discovered:
D:1:      psy_arrival_terrarium, layout_basic,
          shapermc_ecumenical_altar_mp_vishouse
D:2:      minmay_alternating_diamond, layout_basic, basic_altar, uniq_jessica
D:3:      layout_loops_corners, nicolae_gozag_cash_rules_everything_around_me,
          chequers_temple_overflow_statue_of_worship,
          gammafunk_ghost_gnarly_gnolls, uniq_robin

Skill      XL: |  1  2 |
---------------+-------+-----
Maces & Flails | 3 |  3.7
Fighting       | |  3.4
Armour         | |  3.4
Shields        | |  3.4

Action                   || total
-------------------------++-------
Melee: Flail             ||   102
  Use: Scroll            ||     1
Armor: Scale mail        ||    65
Dodge: Dodged            ||    52
Block: Buckler           ||    23
